 Dungeon Crawl Stone Soup version 0.29-a0-2-g12fcac58f8 (webtiles) character file.

Game seed: 2800967016677534032

66938 miscthings the Thaumaturge (level 15, 0/109 HPs)
             Began as a Djinni Conjurer on Jan 27, 2022.
             Was an Initiate of Gozag.
             Killed by an exploding ball lightning (7 damage)
             ... on level 6 of the Lair of Beasts.
             The game lasted 01:01:09 (22429 turns).

miscthings the Thaumaturge (Djinni Conjurer)       Turns: 22429, Time: 01:01:10

Health: 0/109      AC: 15    Str:  6    XL:     15   Next: 64%
Gold:   1279       EV: 16    Int: 35    God:    Gozag SH: 35 Dex: 19

rFire   + + .      SeeInvis .   V - +9 hunting sling "Tiq Xot" {vorpal, rCorr Int+5}
rCold   . . .      Faith    .   b - +18 shield of the Gong {rElec rN+ Will+ EV-5}
rNeg    + . .      Spirit   .   R - +3 leather armour {rF+}
rPois   ∞          Reflect  +   N - +2 hat
rElec   +          Harm     .   A - +0 cloak of Fallacy {rC+ Will+}
rCorr   +          Rampage  .   W - +0 pair of fencer's gloves {Riposte Dex+3}
Will    +++..                   (boots unavailable)
Stlth   ++........              D - amulet of reflection
HPRegen 0.28/turn               s - +4 ring of evasion
MPRegen 0.00/turn               e - ring of the Morning {rF- AC+4 Int+5 Dex+2}

@: gold aura, flying
A: sickness immunity, fire resistance 2, cold vulnerability 1, float, innate
caster, hp casting, extra vitality 1
a: Renounce Religion, Potion Petition, Call Merchant, Bribe Branch


You were on level 6 of the Lair of Beasts.
You worshipped Gozag.
Gozag was most pleased with you.
You visited 4 branches of the dungeon, and saw 21 of its levels.
You also visited: Gauntlet and Volcano.

You collected 5976 gold pieces.
You spent 2772 gold pieces at shops.
You paid 1925 gold pieces to Gozag.

Inventory:

Hand Weapons
 I - the +4 whip of Excruciating Pain {elec, Drain rElec rF++ Dex+3}
   (You found it on level 2 of the Lair of Beasts)

   It occasionally discharges a powerful burst of electricity upon striking a
   foe.
   Dex:       It affects your dexterity (+3).
   rF:        It greatly protects you from fire.
   rElec:     It insulates you from electricity.
   Drain:     It drains your maximum health when unequipped.
 U - the +7 dagger of Xoem Suatt {vamp, rC+}
   (You bought it in a shop on level 2 of the Orcish Mines)

   It occasionally heals its wielder for a portion of the damage dealt when it
   wounds a living foe.
   rC:        It protects you from cold.
 V - the +9 hunting sling "Tiq Xot" (weapon) {vorpal, rCorr Int+5}
   (You bought it in a shop on level 2 of the Orcish Mines)

   Any ammunition fired from it inflicts extra damage upon your enemies.
   Int:       It affects your intelligence (+5).
   rCorr:     It protects you from acid and corrosion.
Missiles
 o - a curare-tipped dart
 G - 3 throwing nets
Armour
 b - the +18 shield of the Gong (worn) {rElec rN+ Will+ EV-5}
   (You bought it in a shop on level 2 of the Orcish Mines)

   It is deafeningly noisy when blocking attacks.
   EV:        It affects your evasion (-5).
   rElec:     It insulates you from electricity.
   rN:        It protects you from negative energy.
   Will:      It increases your willpower.
 A - the +0 cloak of Fallacy (worn) {rC+ Will+}
   (You bought it in a shop on level 2 of the Orcish Mines)

   rC:        It protects you from cold.
   Will:      It increases your willpower.
 K - the +0 ring mail of Qazlal's Hope {Str-5 Int+7 Slay+4}
   (You found it on level 2 of the Lair of Beasts)

   Str:       It affects your strength (-5).
   Int:       It affects your intelligence (+7).
   Slay:      It affects your accuracy & damage with ranged weapons and melee
   (+4).
 N - a +2 hat (worn)
 R - a +3 leather armour of fire resistance (worn)
 W - the +0 pair of fencer's gloves (worn) {Riposte Dex+3}
   (You bought it in a shop on level 2 of the Orcish Mines)

   It allows the wearer to riposte with melee weapons, swiftly retaliating
   against missed attacks.
   Dex:       It affects your dexterity (+3).
Magical Staves
 g - a staff of air
 x - a staff of fire
 Q - a staff of earth
Jewellery
 d - the ring "Jumohite" {rF- rC- Str+6 Int+9 Dex+9}
   (You found it in a Gauntlet)

   [ring of strength]

   Str:       It affects your strength (+6).
   Int:       It affects your intelligence (+9).
   Dex:       It affects your dexterity (+9).
   rF:        It makes you vulnerable to fire.
   rC:        It makes you vulnerable to cold.
 e - the ring of the Morning (right hand) {rF- AC+4 Int+5 Dex+2}
   (You took it off a minotaur in a Gauntlet)

   [ring of protection]

   AC:        It affects your AC (+4).
   Int:       It affects your intelligence (+5).
   Dex:       It affects your dexterity (+2).
   rF:        It makes you vulnerable to fire.
 s - a +4 ring of evasion (left hand)
 D - an amulet of reflection (around neck)
 M - a ring of protection from fire
 P - a ring of wizardry
Wands
 h - a wand of digging (8)
 m - a wand of charming (15)
 r - a wand of iceblast (19)
 t - a wand of paralysis (15)
 v - a wand of flame (50)
 E - a wand of mindburst (6)
 J - a wand of acid (6)
Scrolls
 c - a scroll of immolation
 f - 6 scrolls of blinking
 j - 2 scrolls of vulnerability
 n - a scroll of holy word {unknown}
 p - 8 scrolls of teleportation
 B - 4 scrolls of fog
 C - a scroll of magic mapping
 F - a scroll of fear
 H - 2 scrolls of enchant armour
Potions
 a - 3 potions of resistance
 i - 5 potions of attraction
 k - a potion of cancellation
 l - 5 potions of curing
 q - 3 potions of might
 u - 5 potions of haste
 w - a potion of heal wounds
 y - 2 potions of ambrosia
 z - 2 potions of mutation {unknown}
 O - a potion of brilliance {unknown}
Miscellaneous
 S - a phial of floods (inert)


   Skills:
 + Level 10.5 Fighting
 - Level 6.0 Armour
 + Level 11.7 Dodging
 - Level 1.5 Stealth
 + Level 10.1 Shields
 + Level 13.1 Spellcasting
 - Level 10.0 Evocations


You couldn't memorise any spells.
You knew the following spells:

 Your Spells              Type           Power      Damage    Failure   Level
a - Searing Ray           Conj           100%       2d8       1%          2
b - Magic Dart            Conj           100%       1d8       1%          1
c - Conjure Ball Lightni  Conj/Air       43%        3x3d15    4%          6
d - Fulminant Prism       Conj/Hex       43%        3d20      1%          4
e - Iskenderun's Mystic   Conj/Tloc      86%        2d17      1%          4
f - Slow                  Hex            100%       N/A       1%          1
g - Corpse Rot            Necr/Air       100%       N/A       1%          2
h - Portal Projectile     Hex/Tloc       100%       N/A       1%          3
i - Dazzling Flash        Conj/Hex       100%       N/A       1%          3
j - Silence               Hex/Air        43%        N/A       1%          5
x - Leda's Liquefaction   Hex/Erth       43%        N/A       1%          4
z - Irradiate             Conj/Tmut      43%        3d27      1%          5
Your spell library was empty.

Dungeon Overview and Level Annotations

Branches:
Dungeon (12/15)            Temple (1/1) D:5            Lair (6/6) D:8
  Swamp (0/4) Lair:4       Spider (0/4) Lair:2        Slime (0/5) Lair:5
    Orc (2/2) D:12            Elf (0/3) Orc:2       Volcano (visited)
Gauntlet (visited)

Altars:
Cheibriados
Dithmenos
Elyvilon
Fedhas
Gozag
Hepliaklqana
Makhleb
Nemelex Xobeh
Okawaru
Qazlal
Ru
Sif Muna
Trog
Uskayaw
Vehumet
Wu Jian
Xom
Zin
The Shining One

Shops:
D:8 **   D:12 =   Orc:2 ([*([[

Annotations:
D:1 Terence


Innate Abilities, Weirdness & Mutations

You are immune to sickness and miasma.
You are immune to poison.
Your flesh is very heat resistant. (rF++)
You are vulnerable to cold. (rC-)
You float through the air rather than walking.
You learn spells naturally, not from books.
Your magical power is your life essence.
You have superior vitality. (+4 MHP)


Message History

GONNNNG!
You hear a bellow! x2
Casting: Searing Ray (safe; 1% risk of failure)
Confirm with . or Enter, or press ? or * to list all spells.
You erupt in a blast of force!
The mystic blast hits the elephant!
You kill the elephant!
* * * LOW HITPOINT WARNING * * *
A four-headed hydra comes into view.
The four-headed hydra is distracted by your dazzling golden aura.
Casting: Iskenderun's Mystic Blast (safe; 1% risk of failure)
Confirm with . or Enter, or press ? or * to list all spells.
You create some ball lightning!
* * * LOW HITPOINT WARNING * * *
3 ball lightnings come into view.
You swap places.
Your ball lightning explodes!
The blast of lightning engulfs the plant!
The plant begins to die.
The plant is lightly damaged.
The blast of lightning engulfs your ball lightning.
Your ball lightning completely resists.
The blast of lightning engulfs you! You resist.
* * * LOW HITPOINT WARNING * * *
The blast of lightning engulfs your ball lightning.
Your ball lightning completely resists.
The blast of lightning engulfs the elephant!!
The elephant is moderately wounded.
The blast of lightning engulfs the komodo dragon!!
The komodo dragon is severely wounded.
Your ball lightning explodes!
The blast of lightning engulfs your ball lightning.
Your ball lightning completely resists.
The blast of lightning engulfs the plant!!
The plant is moderately damaged.
The blast of lightning engulfs the komodo dragon!
You kill the komodo dragon!
The blast of lightning engulfs the elephant!
The elephant is heavily wounded.
The blast of lightning engulfs you! You resist.
You die...
Your body crumbles into a pile of gold.

#.P###...###.+#.###..
#...###...D#P.......#..
#.....#...###......#...
....+.....#......#.#..
.<..#....#..######...
.#..#...#.#.#####.... .
##..P........#$.....
.PP.#.......$..$........
.P.P...@*..Y$.$...$.....
#.P....#.##.#.##.#$#.#..
.#..#.#############.##.#
## ## ######


You could see a four-headed hydra, an elephant (ally target) and a friendly ball
lightning.

Vanquished Creatures
  Rupert (D:12)
  2 orc warlords (Orc:2)
  A reaper (Gauntlet)
  A minotaur (Gauntlet)
  A boulder beetle (Lair:6)
  3 hydras
  Erolcha (D:12)
  A centaur warrior (D:10)
  2 ogre magi (Orc:2)
  4 death yaks
  11 two-headed ogres
  A hell hog (Volcano)
  A fire crab (Volcano)
  4 skeletal warriors (D:12)
  2 deep trolls (Orc:2)
  A deep elf pyromancer (D:12)
  An orc knight (Orc:2)
  An orc sorcerer (Orc:1)
  An ugly thing (D:12)
  An oklob plant (Lair:2)
  2 cyclopes (Orc:2)
  10 elephants
  4 black mambas
  A centaur zombie (D:10)
  A gargoyle (D:12)
  11 cane toads
  A torpor snail (Lair:3)
  An unseen horror (D:12)
  A kobold demonologist (D:9)
  A hellion (Gauntlet)
  Maggie (Lair:1)
  10 komodo dragons
  3 meliai (D:11)
  A polar bear (Lair:6)
  13 trolls
  Grinder (D:6)
  8 blink frogs (Lair:5)
  5 slime creatures (D:12)
  8 dream sheep
  A jumping spider (Lair:2)
  Sigmund (D:6)
  2 wyverns
  14 yaks
  2 wraiths
  6 basilisks
  14 fire bats (Volcano)
  3 steam dragons
  2 redbacks (Lair:2)
  7 vampire mosquitoes (D:12)
  6 wargs
  3 acid dragons
  14 water moccasins
  Duvessa (D:6)
  4 hell hounds
  27 orc warriors
  An ice beast (D:5)
  A necrophage (D:6)
  2 sky beasts
  28 ogres
  15 wolves
  The ghost of hashsling the Stinger, an amateur MfWn (D:3)
  5 centaurs
  A kobold brigand (D:7)
  7 bullfrogs
  3 gnoll sergeants
  A wyvern zombie (D:6)
  A wyvern skeleton (D:5)
  Dowan (D:6)
  15 killer bees
  A water moccasin skeleton (D:4)
  4 wights (D:8)
  A howler monkey (D:11)
  7 lava snakes (Volcano)
  A centaur skeleton (D:5)
  A jelly (D:5)
  20 orc priests
  3 hounds
  Crazy Yiuf (D:2)
  2 gnoll shamans
  3 iguanas
  Natasha (thrice) (D:2)
  23 orc wizards
  6 hell rats (Lair:2)
  A howler monkey skeleton (D:3)
  24 gnolls
  5 adders
  16 river rats
  2 shadow imps (Gauntlet)
  An adder zombie (D:5)
  An adder skeleton (D:4)
  A worm (D:2)
  3 dart slugs
  85 orcs
  8 endoplasms
  A giant cockroach (D:1)
  14 goblins
  9 hobgoblins
  10 jackals
  7 kobolds
  7 quokkas
  8 ball pythons
  3 bats
  6 frilled lizards
  A quokka skeleton (D:4)
  20 rats
  2 bushes
  9 fulminant prisms
633 creatures vanquished.

Vanquished Creatures (collateral kills)
  A ball lightning (Volcano)
1 creature vanquished.

Vanquished Creatures (others)
  An orc wizard (D:12)
  9 ball lightnings
  A bush (Lair:5)
  236 fulminant prisms
  25 fungi
  46 plants
  2 withered plants (Gauntlet)
320 creatures vanquished.

Grand Total: 954 creatures vanquished

Notes
Turn   | Place    | Note
-------+----------+-------------------------------------------
     0 | D:1      | miscthings the Djinni Conjurer began the quest for the Orb.
     0 | D:1      | Reached XP level 1. HP: 15/15 MP: 0/0
    99 | D:1      | Reached XP level 2. HP: 8/21 MP: 0/0
   541 | D:1      | Reached XP level 3. HP: 20/25 MP: 0/0
   541 | D:1      | Learned a level 1 spell: Slow
   784 | D:2      | Reached skill level 4 in Spellcasting
  1018 | D:2      | Reached XP level 4. HP: 13/31 MP: 0/0
  1254 | D:2      | Noticed Natasha
  1259 | D:2      | Killed Natasha
  1397 | D:2      | Noticed Terence
  1647 | D:2      | Found a faded altar of an unknown god.
  1671 | D:2      | Noticed Natasha
  1676 | D:2      | Killed Natasha
  1677 | D:2      | Reached XP level 5. HP: 31/35 MP: 0/0
  1677 | D:2      | Learned a level 2 spell: Corpse Rot
  1974 | D:2      | Noticed Natasha
  1985 | D:2      | Killed Natasha
  1986 | D:2      | Reached skill level 5 in Spellcasting
  2107 | D:2      | Found a runed translucent door.
  2108 | D:2      | Noticed Crazy Yiuf
  2257 | D:2      | Killed Crazy Yiuf
  2308 | D:3      | Identified the +9 great mace "Dragonslayer" {vorpal, rElec
                  | Str+4}
  2308 | D:3      | Noticed an ogre
  2308 | D:3      | Noticed hashsling's ghost (amateur MfWn)
  2308 | D:3      | Noticed an ogre
  2308 | D:3      | Found a transporter.
  2313 | D:3      | Found a transporter.
  2365 | D:3      | Reached XP level 6. HP: 36/40 MP: 0/0
  3255 | D:4      | Reached skill level 6 in Spellcasting
  3260 | D:4      | Reached XP level 7. HP: 32/45 MP: 0/0
  3260 | D:4      | Learned a level 3 spell: Portal Projectile
  3965 | D:5      | Entered Level 5 of the Dungeon
  4164 | D:5      | Reached skill level 7 in Spellcasting
  4177 | D:5      | Found a staircase to the Ecumenical Temple.
  4183 | Temple   | Entered the Ecumenical Temple
  4286 | Temple   | Became a worshipper of Gozag Ym Sagoz the Greedy
  4507 | D:5      | Reached XP level 8. HP: 31/50 MP: 0/0
  4602 | D:6      | Noticed Sigmund
  4610 | D:6      | Killed Sigmund
  4611 | D:6      | Reached skill level 8 in Spellcasting
  4892 | D:6      | Noticed Grinder
  4898 | D:6      | Killed Grinder
  4920 | D:6      | Reached XP level 9. HP: 18/55 MP: 0/0
  4920 | D:6      | Learned a level 4 spell: Leda's Liquefaction
  4939 | D:6      | Noticed Duvessa
  5035 | D:6      | Noticed Dowan
  5042 | D:6      | Killed Dowan
  5043 | D:6      | Reached skill level 9 in Spellcasting
  5043 | D:6      | Killed Duvessa
  5627 | D:7      | Found a blossoming altar of Fedhas.
  5719 | D:7      | Noticed a two-headed ogre
  5733 | D:7      | Killed a two-headed ogre
  5734 | D:7      | Reached skill level 10 in Spellcasting
  6245 | D:7      | Reached XP level 10. HP: 56/60 MP: 0/0
  6294 | D:7      | Reached skill level 1 in Fighting
  6378 | D:7      | Reached skill level 1 in Armour
  6378 | D:7      | Reached skill level 1 in Evocations
  7172 | D:8      | Found a staircase to the Lair.
  7513 | D:8      | Found Wumuas's Specific Store.
  7515 | D:8      | Found Tavu's General Store.
  7518 | D:8      | Bought a scroll of noise for 15 gold pieces
  7527 | D:8      | Bought a potion of resistance for 150 gold pieces
  7535 | D:8      | Bought a wand of flame (3) for 37 gold pieces
  7806 | D:9      | Noticed a komodo dragon
  7811 | D:9      | Killed a komodo dragon
  8087 | D:9      | Reached skill level 1 in Shields
  8276 | D:9      | Noticed a kobold demonologist
  8282 | D:9      | Killed a kobold demonologist
  8720 | D:3      | Killed hashsling's ghost
  8880 | Lair:1   | Entered Level 1 of the Lair of Beasts
  8880 | Lair:1   | Noticed Maggie
  8885 | Lair:1   | Reached XP level 11. HP: 60/71 MP: 0/0
  8885 | Lair:1   | Learned a level 5 spell: Silence
  8887 | Lair:1   | Killed Maggie
  8888 | Lair:1   | Reached skill level 11 in Spellcasting
  9037 | Lair:1   | Reached skill level 5 in Dodging
  9443 | Lair:1   | Found a snail-covered altar of Cheibriados.
  9948 | Lair:2   | Found a hole to the Spider Nest.
 10083 | Lair:2   | Reached skill level 5 in Fighting
 10330 | Lair:2   | Identified the +4 whip of Excruciating Pain {elec, Drain
                  | rElec rF++ Dex+3}
 10427 | Lair:2   | Reached skill level 5 in Evocations
 10587 | Lair:2   | Reached skill level 5 in Armour
 10808 | Lair:2   | Reached XP level 12. HP: 63/81 MP: 0/0
 11045 | Lair:2   | Identified the +0 ring mail of Qazlal's Hope {Str-5 Int+7
                  | Slay+4}
 11194 | Lair:3   | Noticed a death yak
 11195 | Lair:3   | Noticed a death yak
 11196 | Lair:3   | Noticed a death yak
 11209 | Lair:3   | Killed a death yak
 11210 | Lair:3   | Killed a death yak
 11500 | Lair:3   | Killed a death yak
 11504 | Lair:3   | Reached skill level 5 in Shields
 12030 | Lair:3   | Noticed an eight-headed hydra
 12036 | Lair:3   | Killed an eight-headed hydra
 12130 | Lair:3   | Noticed an eight-headed hydra
 12138 | Lair:3   | Killed an eight-headed hydra
 12428 | D:10     | Entered Level 10 of the Dungeon
 13012 | D:10     | Noticed a centaur warrior
 13019 | D:10     | Killed a centaur warrior
 13547 | D:10     | Reached XP level 13. HP: 82/89 MP: 0/0
 13547 | D:10     | Learned a level 5 spell: Irradiate
 14699 | D:11     | Found a stormy altar of Qazlal.
 14956 | D:12     | Noticed Erolcha
 14978 | D:12     | Reached skill level 12 in Spellcasting
 15007 | D:12     | Found a gate leading to a gauntlet.
 15162 | Gauntlet | Entered a Gauntlet
 15162 | Gauntlet | Noticed a reaper
 15162 | Gauntlet | Noticed a catoblepas
 15162 | Gauntlet | Found a transporter.
 15162 | Gauntlet | Found a transporter.
 15162 | Gauntlet | Found a transporter.
 15162 | Gauntlet | Found a transporter.
 15166 | Gauntlet | Found a transporter.
 15178 | Gauntlet | Found a transporter.
 15199 | Gauntlet | Found a transporter.
 15222 | Gauntlet | Found a transporter.
 15241 | Gauntlet | Found a transporter.
 15249 | Gauntlet | Found a transporter.
 15267 | Gauntlet | Found a transporter.
 15325 | Gauntlet | Found a transporter.
 15379 | Gauntlet | Identified the ring "Jumohite" {rF- rC- Str+6 Int+9 Dex+9}
 15382 | Gauntlet | Killed a reaper
 15895 | Gauntlet | Identified the +4 ring mail of Articulation {-Cast rElec
                  | Dex+3}
 15895 | Gauntlet | Identified the ring of the Morning {rF- AC+4 Int+5 Dex+2}
 15895 | Gauntlet | Noticed a minotaur
 15908 | Gauntlet | Killed a minotaur
 16126 | D:12     | Killed Erolcha
 16759 | D:12     | Found a staircase to the Orcish Mines.
 17602 | D:12     | Noticed Rupert
 17603 | D:12     | Paralysed by Rupert for 4 turns
 17615 | D:12     | Killed Rupert
 17616 | D:12     | Reached XP level 14. HP: 68/99 MP: 0/0
 17638 | D:12     | Identified the +3 glaive "Djinni's Regret" {pain, rF-
                  | Int+10 SInv}
 17749 | Orc:1    | Entered Level 1 of the Orcish Mines
 18059 | Orc:2    | Entered Level 2 of the Orcish Mines
 18059 | Orc:2    | Noticed an orc warlord
 18063 | Orc:2    | Killed an orc warlord
 18375 | Orc:2    | Noticed an orc warlord
 18376 | Orc:2    | Reached skill level 10 in Dodging
 19089 | Orc:2    | Found Jenli's General Store.
 19089 | Orc:2    | Found Qoskoiw's Antique Weapon Shoppe.
 19089 | Orc:2    | Found Weilo's Antique Weapon Shop.
 19091 | Orc:2    | Found a staircase to the Elven Halls.
 19107 | Orc:2    | Killed an orc warlord
 19520 | Orc:2    | Bought a scroll of teleportation for 42 gold pieces
 19520 | Orc:2    | Bought a scroll of enchant armour for 105 gold pieces
 19523 | Orc:2    | Found Maont's Armour Emporium.
 20147 | Orc:2    | Bought an encrusted dagger for 203 gold pieces
 20147 | Orc:2    | Identified the +7 dagger of Xoem Suatt {vamp, rC+} (You
                  | bought it in a shop on level 2 of the Orcish Mines)
 20147 | Orc:2    | Bought a translucent hunting sling for 188 gold pieces
 20147 | Orc:2    | Identified the +9 hunting sling "Tiq Xot" {vorpal, rCorr
                  | Int+5} (You bought it in a shop on level 2 of the Orcish
                  | Mines)
 20162 | Orc:2    | Bought the +0 cloak of Fallacy {rC+ Will+} for 385 gold
                  | pieces
 20191 | Orc:2    | Bought the +18 shield of the Gong {rElec rN+ Will+ EV-5}
                  | for 1167 gold pieces
 20191 | Orc:2    | Found the +18 shield of the Gong {rElec rN+ Will+ EV-5}
 20201 | Orc:2    | Bought the +0 pair of fencer's gloves {Riposte Dex+3} for
                  | 480 gold pieces
 20201 | Orc:2    | Found the +0 pair of fencer's gloves {Riposte Dex+3}
 20640 | Lair:4   | Reached XP level 15. HP: 93/106 MP: 0/0
 20640 | Lair:4   | Learned a level 6 spell: Conjure Ball Lightning
 20643 | Lair:4   | Found a dark tunnel.
 20652 | Volcano  | Entered a volcano
 20979 | Volcano  | Found a bloodstained altar of Trog.
 21331 | Lair:4   | Found a staircase to the Swamp.
 21501 | Lair:5   | Reached skill level 10 in Fighting
 21529 | Lair:5   | Reached skill level 10 in Evocations
 21935 | Lair:5   | Found a staircase to the Slime Pits.
 21984 | Lair:5   | Reached skill level 13 in Spellcasting
 22251 | Lair:6   | Entered Level 6 of the Lair of Beasts
 22336 | Lair:6   | Reached skill level 10 in Shields
 22429 | Lair:6   | Killed by an exploding ball lightning

Illustrated notes

Levels and vault maps discovered:
D:1:      beargit_arrival_diablo_church, layout_basic, serial_park_tiny_2,
          minmay_quantized
D:2:      layout_basic, hellmonk_ecumenical_altar_run_dry, uniq_natasha,
          uniq_terence, uniq_robin, uniq_crazy_yiuf_cottage
D:3:      layout_basic, gammafunk_ghost_smash
D:4:      layout_cave_pods
D:5:      layout_basic, minmay_temple_entry_nine_rooms
D:6:      layout_cave_pools, nrook_mini_vaults, uniq_grinder, uniq_duvessa,
          uniq_sigmund
D:7:      layout_loops_cross, lemuel_coloured_pillars_altar, amethyst_killhole,
          dk_rats_in_the_wall
D:8:      layout_basic, erik_lair_orcish_takeover, nicolae_specific_store,
          fountainhead
D:9:      layout_cave_pods, st_stairs_8, kennysheep_big_empty_room,
          kennysheep_generic_room_8
D:10:     layout_loops_corners
D:11:     layout_rooms, nicolae_qazlal_eye_of_the_storm
D:12:     layout_loops_ring, erik_orc_2, gauntlet_entry_generic, uniq_rupert,
          uniq_erolcha
Temple:   regret_index_temple_sigil_plot
Lair:1:   layout_cave_pods, basic_altar, guppyfry_lair_drakes, uniq_maggie
Lair:2:   layout_cellular_growth, spider_nest_entry_a,
          chequers_serial_rivers_marsh, minivault_11, kennysheep_abandoned_house
Lair:3:   layout_concentric_octagons, grunt_megastairs_4,
          infiniplex_staircase_pool_2
Lair:4:   layout_long_grid, swamp_mist, enter_volcano_3
Lair:5:   layout_misc_corridors, slime_dummy, lemuel_fruit_tree,
          serial_bayou_shore_b, grunt_megastairs_5
Lair:6:   evil_forest, layout_regular_city, serial_bayou_ford_a
Orc:1:    layout_diamond_mine
Orc:2:    st_orc_open, layout_caves, special_room, nicolae_orc_pool_cavern

Skill      XL: |  1  2  3  4  5  6  7  8  9 10 11 12 13 14 15 |
---------------+----------------------------------------------+-----
Spellcasting   | 4 5 6 7 8 10 11 12 13 | 13.1
Fighting       | 3 5 6 8 9 10 | 10.5
Armour         | 3 5 6 |  6.0
Evocations     | 3 5 6 8 9 10 | 10.0
Dodging        | 4 6 7 9 10 11 | 11.7
Shields        | 1 4 6 7 9 10 | 10.1
Stealth        | |  1.5

Action                   |  1- 3 |  4- 6 |  7- 9 | 10-12 | 13-15 || total
-------------------------+-------+-------+-------+-------+-------++-------
Melee: Unarmed           |     1 |       |       |       |       ||     1
       Staff             |     2 |       |       |       |       ||     2
       Quarterstaff      |       |     2 |       |       |       ||     2
       Trident           |       |       |       |       |     3 ||     3
 Cast: Magic Dart        |    17 |     1 |       |       |       ||    18
       Searing Ray       |    20 |    43 |    45 |    89 |    93 ||   290
       Iskenderun's Myst |       |     1 |     6 |    44 |    76 ||   127
       Fulminant Prism   |       |     1 |    18 |    89 |   139 ||   247
       Leda's Liquefacti |       |       |       |     1 |       ||     1
       Irradiate         |       |       |       |       |    10 ||    10
       Conjure Ball Ligh |       |       |       |       |     4 ||     4
Invok: Call Merchant     |       |       |       |       |     3 ||     3
Evoke: Wand              |       |       |       |       |    14 ||    14
       Phial of floods   |       |       |       |       |     2 ||     2
  Use: Scroll            |       |       |     6 |     9 |    10 ||    25
       Potion            |       |       |       |       |     2 ||     2
 Stab: Sleeping          |     1 |       |       |       |       ||     1
Armor: Robe              |     2 |     3 |     9 |       |     5 ||    19
       Ring mail         |       |       |     1 |    28 |     8 ||    37
       Steam dragon scal |       |       |       |     4 |     5 ||     9
       Leather armour    |       |       |       |       |     1 ||     1
Dodge: Dodged            |     9 |    10 |    20 |    40 |    53 ||   132
Block: Buckler           |       |       |       |    16 |    32 ||    48
       Kite shield       |       |       |       |       |    47 ||    47
       Reflection        |       |       |       |       |     5 ||     5

Table legend: (Time is in decaauts)
 A = Elapsed time spent in this place.
 B = Non-inter-level travel time spent in this place.
 C = Inter-level travel time spent in this place.
 D = Time resting spent in this place.
 E = Time spent auto-exploring this place.
 F = Levels seen in this place.
 G = Mean time per level.
                   A        B        C        D        E       F      G
               +--------+--------+--------+--------+--------+-----+--------+
         Total |  22432 |  21153 |   1279 |   6914 |  10158 |  23 |  975.3 |
       Dungeon |  13646 |  12693 |    953 |   4084 |   6270 |  12 | 1137.2 |
        Temple |    128 |    103 |     25 |      0 |     76 |   1 |  128.0 |
          Lair |   5006 |   4766 |    240 |   1068 |   2783 |   6 |  834.3 |
  Orcish Mines |   2477 |   2417 |     60 |   1253 |    728 |   2 | 1238.5 |
       Volcano |    351 |    351 |      0 |    150 |     26 |   1 |  351.0 |
      Gauntlet |    821 |    821 |      0 |    359 |    275 |   1 |  821.0 |
               +--------+--------+--------+--------+--------+-----+--------+

Top non-repeatable levels by time:
    D:12: 2244 daAuts
    D:10: 1663 daAuts
     D:2: 1437 daAuts
   Orc:1: 1416 daAuts
  Lair:2: 1407 daAuts
     D:7: 1313 daAuts
  Lair:1: 1156 daAuts
   Orc:2: 1061 daAuts
     D:8: 1054 daAuts
     D:4: 995 daAuts
     D:6: 985 daAuts
     D:1: 871 daAuts
     D:9: 863 daAuts
  Lair:3: 851 daAuts
Gauntlet: 821 daAuts
